 Dungeon Crawl Stone Soup version 0.23.2-1-ga50397a6bc (webtiles) character file.

Game seed: 11416949785395151170

102 Anathary the Skirmisher (level 4, -1/42 HPs)
             Began as a Minotaur Berserker on May 30, 2019.
             Was a Believer of Trog.
             Slain by a gnoll
             ... wielding a +0 whip
              (3 damage)
             ... on level 3 of the Dungeon.
             The game lasted 00:05:19 (2055 turns).

Anathary the Skirmisher (Minotaur Berserker)        Turns: 2055, Time: 00:05:20

Health: -1/42      AC:  5    Str: 22    XL:     4   Next: 49%
Magic:  3/3        EV: 12    Int:  4    God:    Trog [**....]
Gold:   162        SH:  0    Dex: 10    Spells: 3/3 levels left

rFire    . . .     SeeInvis .   a - +0 hand axe
rCold    . . .     Gourm    .   (no shield)
rNeg     . . .     Faith    .   e - +0 steam dragon scales
rPois    .         Spirit   .   (helmet restricted)
rElec    .         Reflect  .   (no cloak)
rCorr    .         Harm     .   (no gloves)
MR       .....                  (no boots)
Stlth    +.........             (no amulet)
HPRegen  0.14/turn              (no ring)
MPRegen  0.08/turn              (no ring)

@: no status effects
A: retaliatory headbutt, horns 2
a: Berserk, Trog's Hand, Renounce Religion


You were on level 3 of the Dungeon.
You worshipped Trog.
Trog was pleased with you.
You were not hungry.

You visited 1 branch of the dungeon, and saw 3 of its levels.

You collected 162 gold pieces.

Inventory:

Hand Weapons
 a - a +0 hand axe (weapon)
Armour
 b - a +0 animal skin
 e - +0 steam dragon scales (worn)
Jewellery
 q - an uncursed ring of positive energy {unknown}
 r - an uncursed ring of protection from magic {unknown}
Scrolls
 d - 4 scrolls of teleportation {unknown}
 h - a scroll of identify {unknown}
 i - a scroll of remove curse {unknown}
 k - a scroll of magic mapping {unknown}
 l - a scroll of fog {unknown}
 m - a scroll of enchant armour {unknown}
 p - 2 scrolls of amnesia {unknown}
Potions
 f - a potion of curing {unknown}
 g - a potion of heal wounds {unknown}
 j - a potion of resistance {unknown}
 n - a potion of invisibility {unknown}
 o - 2 potions of lignification {unknown}
 s - a potion of degeneration {unknown}
Comestibles
 c - 5 rations


   Skills:
 * Level 5.0 Fighting
 + Level 4.8 Axes
 * Level 3.0 Armour
 + Level 2.6 Dodging


You had 3 spell levels left.
You didn't know any spells.
Your spell library was empty.

Dungeon Overview and Level Annotations

Branches:
Dungeon (3/15)

Altars:
Cheibriados
Makhleb
Zin
The Shining One


Innate Abilities, Weirdness & Mutations

You reflexively headbutt those who attack you in melee.
You have a pair of horns on your head.


Message History

The gnoll is severely wounded.
The gnoll hits you from afar with a +0 spear.
* * * LOW HITPOINT WARNING * * *
The gnoll hits you with a +0 whip.
* * * LOW HITPOINT WARNING * * *
You slash the gnoll!
You kill the gnoll!
Trog accepts your kill.
Your Fighting skill increases to level 5!
Your Armour skill increases to level 3!
The gnoll closely misses you.
You hit the gnoll.
The gnoll is moderately wounded.
The gnoll closely misses you. The gnoll hits you but does no damage.
You hit the gnoll but do no damage.
The gnoll is moderately wounded.
The gnoll hits you from afar with a +0 spear.
* * * LOW HITPOINT WARNING * * *
The gnoll hits you with a +0 whip.
You die...

...... .. #.
......##.###. ##
........##.#..#
#.........#.#
#..### .).
###....####.##
###...##....#..#
####...#######....#
###.g@.### ###..##
#..g#### ##...
##.### ##.. #..#
#.. #>.## #.. .g.##
#.. ..... ###..
.....## ######
#.... .....
.....######.#.#


You could see 2 gnolls.

Vanquished Creatures
  A gnoll (D:3)
  2 adders
  2 worms (D:2)
  A dart slug (D:1)
  8 orcs
  2 ball pythons
  5 giant cockroaches
  4 goblins
  5 hobgoblins
  3 jackals (D:2)
  2 quokkas (D:2)
  6 bats
  A frilled lizard (D:1)
  4 kobolds
  8 rats
54 creatures vanquished.

Notes
Turn   | Place    | Note
-------+----------+-------------------------------------------
     0 | D:1      | Anathary the Minotaur Berserker began the quest for the
                  | Orb.
     0 | D:1      | Reached XP level 1. HP: 19/19 MP: 0/0
   185 | D:1      | Reached skill level 4 in Fighting
   210 | D:1      | Reached XP level 2. HP: 26/27 MP: 1/1
   990 | D:2      | Reached XP level 3. HP: 27/34 MP: 2/2
  1083 | D:2      | Found a snail-covered altar of Cheibriados.
  1084 | D:2      | Reached ** piety under Trog
  1254 | D:2      | Found a glowing golden altar of the Shining One.
  1516 | D:2      | Found a burning altar of Makhleb.
  1519 | D:2      | Found a glowing silver altar of Zin.
  1519 | D:2      | Noticed a balrug
  1519 | D:2      | Noticed an angel
  1919 | D:3      | Reached XP level 4. HP: 41/41 MP: 3/3
  2053 | D:3      | Reached skill level 5 in Fighting
  2055 | D:3      | HP: 2/42 [gnoll/+0 spear (2)]
  2055 | D:3      | Slain by a gnoll

Skill      XL: |  1  2  3  4 |
---------------+-------------+-----
Fighting       | 4 5 |  5.0
Axes           | 4 |  4.8
Armour         | 3 |  3.0
Dodging        | |  2.6

Action                   |  1- 3 |  4- 6 || total
-------------------------+-------+-------++-------
Melee: Hand axe          |    69 |    25 ||    94
       Headbutt          |    10 |     2 ||    12
  Eat: Ration            |     1 |       ||     1
Armor: Animal skin       |     2 |       ||     2
       Steam dragon scal |    25 |     7 ||    32
Dodge: Dodged            |    43 |    12 ||    55
